 Dungeon Crawl Stone Soup version 0.24.0-1-gfbc8707 (webtiles) character file.

Game seed: 16484089944008254760, levelgen mode: deterministic

4417 Bucky5 the Carver (level 10, 0/79 HPs)
             Began as a Demonspawn Abyssal Knight on Oct 28, 2019.
             Was a High Priest of Lugonu.
             Slain by a slime creature (12 damage)
             ... on level 8 of the Dungeon.
             The game lasted 00:18:38 (9862 turns).

Bucky5 the Carver (Demonspawn Abyssal Knight)       Turns: 9862, Time: 00:18:38

Health: 0/79       AC: 20    Str: 22    XL:     10   Next: 14%
Magic:  12/12      EV: 10    Int: 15    God:    Lugonu [*****.]
Gold:   430        SH: 10    Dex: 12    Spells: 9/9 levels left

rFire    . . .     SeeInvis .   a - +5 falchion
rCold    + . .     Gourm    .   (no shield)
rNeg     . . .     Faith    .   b - +4 plate armour
rPois    .         Spirit   .   (no helmet)
rElec    .         Reflect  +   (no cloak)
rCorr    .         Harm     .   g - +0 pair of gloves
MR       .....                  w - +0 pair of boots
Stlth    ..........             i - +6 amulet of reflection
HPRegen  0.23/turn              h - ring of stealth
MPRegen  0.13/turn              y - +3 ring of evasion

@: mighty
A: hooves 2, large bone plates 1, cold resistance 1, demonic guardian 1,
mutation resistance 1, strong 1
a: Depart the Abyss, Bend Space, Banish, Corrupt, Enter the Abyss, Renounce
Religion


You were on level 8 of the Dungeon.
You worshipped Lugonu.
Lugonu was extremely pleased with you.
You were not hungry.

You visited 1 branch of the dungeon, and saw 8 of its levels.
You visited the Abyss 1 time.

You collected 430 gold pieces.

Inventory:

Hand Weapons
 a - a +5 falchion (weapon)
Armour
 b - a +4 plate armour (worn)
 g - a +0 pair of gloves (worn)
 w - a +0 pair of boots (worn)
Jewellery
 h - a ring of stealth (left hand)
 i - a +6 amulet of reflection (around neck)
 y - a +3 ring of evasion (right hand)
Wands
 k - a wand of flame (24)
 n - a wand of polymorph (10)
 o - a wand of iceblast (19)
 s - a wand of acid (9)
Scrolls
 d - 2 scrolls of identify
 e - 5 scrolls of teleportation
 p - 2 scrolls of amnesia
 u - a scroll of immolation
Potions
 f - a potion of might
 j - a potion of curing
 m - a potion of degeneration {unknown}
 q - a potion of mutation
 r - a potion of lignification {unknown}
 t - a potion of magic {unknown}
 v - a potion of agility {unknown}
Comestibles
 c - 12 rations
 l - 2 chunks of flesh


   Skills:
 + Level 7.5 Fighting
 + Level 9.7 Long Blades
 + Level 7.5 Armour
 - Level 0.8 Dodging
 - Level 3.0 Invocations


You had 9 spell levels left.
You didn't know any spells.
Your spell library contained the following spells:

 Spells                   Type           Power        Failure   Level  Hunger
 Bolt of Magma            Conj/Fire/Erth #.........   100%        5    ######.
 Iskenderun's Battlesphe  Conj/Chrm      #.......     100%        5    ######.
 Venom Bolt               Conj/Pois      #.........   100%        5    ######.
 Iron Shot                Conj/Erth      #.........   100%        6    #######
 Orb of Destruction       Conj           #.........   100%        7    #######
 Spellforged Servitor     Conj/Summ      #.........   100%        7    #######


Dungeon Overview and Level Annotations

Branches:
Dungeon (8/15)             Temple (0/1) D:5
   Lair: D:8-11

Altars:
Cheibriados
Gozag
Hepliaklqana
Ru
Sif Muna
Vehumet
The Shining One


Innate Abilities, Weirdness & Mutations

You have hoof-like feet.
You are partially covered in large bone plates. (SH +4)
Your flesh is cold resistant. (rC+)
A weak demonic guardian rushes to your aid.
You are somewhat resistant to further mutation.
Your muscles are strong. (Str +2)


Message History

The slime creature is moderately wounded.
Your quasit bites the very large slime creature.
Your quasit claws the very large slime creature. x2
A very large slime creature splits.
Your quasit bites the large slime creature.
Your quasit claws the large slime creature.
Your quasit claws the large slime creature but does no damage.
You slash the slime creature!
The slime creature is heavily wounded.
The slime creature hits you but does no damage.
You block the slime creature's attack. The large slime creature hits you!!
* * * LOW HITPOINT WARNING * * *
Your quasit bites the large slime creature.
Your quasit claws the large slime creature. x2
You slash the slime creature!
The slime creature is severely wounded.
The slime creature hits you!
* * * LOW HITPOINT WARNING * * *
The slime creature misses you. The slime creature hits you!
You die...

# ###..## # ##.....##
.# #.......## .##
#........## ..#
##.........## #.##
#...........## #..#
#............## ##.##
#......()J....# #..#
#......(@J....##
###.##
#......(JJ.<...#
.....##
#......5......##
......#
#......5....###
#.....###........####
####...#####.).#####
###..##..........
##.....########
#.....#########


You could see a large slime creature, 3 slime creatures, a friendly iron imp and
a friendly quasit.

Vanquished Creatures
  A two-headed ogre (D:8)
  A centaur zombie (D:8)
  Joseph (D:7)
  A troll (D:8)
  Grinder (D:6)
  A slime creature (D:8)
  A spriggan (D:7)
  Menkaure (D:4)
  2 ice beasts
  2 ogres
  A black bear (D:8)
  An orc warrior (D:6)
  A sky beast (D:8)
  3 centaurs
  A big kobold (D:8)
  A gnoll sergeant (D:8)
  A wyvern zombie (D:6)
  4 scorpions
  2 crimson imps
  A howler monkey (D:6)
  A bullfrog zombie (D:8)
  A hound (D:4)
  3 orc wizards
  A centaur skeleton (D:8)
  A gnoll shaman (D:6)
  An orc priest (D:5)
  4 iguanas
  4 worker ants
  A worker ant zombie (D:5)
  7 gnolls
  12 adders
  2 river rats (D:4)
  A white imp (D:5)
  2 adder zombies
  3 worms (D:2)
  4 dart slugs
  4 leopard geckos
  14 orcs
  7 giant cockroaches
  11 hobgoblins
  12 jackals
  9 quokkas
  A ball python (D:3)
  8 bats
  8 frilled lizards
  9 goblins
  A goblin skeleton (D:5)
  11 kobolds
  A kobold skeleton (D:5)
  A leopard gecko skeleton (D:6)
  3 orc skeletons (D:5)
  2 orc zombies (D:5)
  10 rats
188 creatures vanquished.

Vanquished Creatures (collateral kills)
  A sky beast (D:5)
  2 ice beasts
  3 bullfrogs
  A centaur zombie (D:5)
  An orc priest (D:6)
  An iguana (D:6)
  2 orc wizards (D:6)
  A howler monkey skeleton (D:5)
  An orc (D:3)
  2 jackals
  A ball python (D:4)
  A kobold (D:8)
17 creatures vanquished.

Vanquished Creatures (others)
  A kobold (D:8)
1 creature vanquished.

Grand Total: 206 creatures vanquished

Notes
Turn   | Place    | Note
-------+----------+-------------------------------------------
     0 | Abyss:1  | Bucky5 the Demonspawn Abyssal Knight began the quest for
                  | the Orb.
     0 | Abyss:1  | Reached XP level 1. HP: 18/18 MP: 2/2
    46 | Abyss:1  | Found a corrupted altar of Lugonu.
    51 | Abyss:1  | Noticed a ynoxinul
    52 | D:1      | Escaped the Abyss
   108 | D:1      | Reached * piety under Lugonu
   231 | D:1      | Gained mutation: Your flesh is cold resistant. (rC+)
                  | [demonic ancestry]
   231 | D:1      | Reached XP level 2. HP: 6/24 MP: 2/4
   598 | D:1      | Reached skill level 2 in Long Blades
  1029 | D:1      | Gained mutation: You have large cloven feet. [demonic
                  | ancestry]
  1029 | D:1      | Reached XP level 3. HP: 26/29 MP: 5/5
  1370 | D:2      | Found a snail-covered altar of Cheibriados.
  1372 | D:2      | Found an opulent altar of Gozag.
  1432 | D:2      | Reached ** piety under Lugonu
  1475 | D:2      | Gained mutation: Your muscles are strong. (Str +2) [potion
                  | of mutation]
  1475 | D:2      | Gained mutation: You are somewhat resistant to further
                  | mutation. [potion of mutation]
  1804 | D:2      | Gained mutation: A weak demonic guardian rushes to your
                  | aid. [demonic ancestry]
  1804 | D:2      | Reached XP level 4. HP: 36/36 MP: 6/6
  2127 | D:3      | Reached skill level 3 in Long Blades
  2652 | D:3      | Reached XP level 5. HP: 40/42 MP: 7/7
  2983 | D:3      | Found a hazy altar of Hepliaklqana.
  3221 | D:3      | You fall into a shaft and drop 1 floor!
  3333 | D:4      | Noticed Menkaure
  3344 | D:4      | Killed Menkaure
  3344 | D:4      | Reached skill level 4 in Long Blades
  3344 | D:4      | Reached XP level 6. HP: 11/48 MP: 8/8
  3595 | D:4      | Reached *** piety under Lugonu
  4774 | D:5      | Entered Level 5 of the Dungeon
  4783 | D:5      | Reached skill level 5 in Long Blades
  4981 | D:5      | Reached XP level 7. HP: 49/55 MP: 9/9
  5057 | D:5      | Found a glowing golden altar of the Shining One.
  5359 | D:5      | Found a staircase to the Ecumenical Temple.
  5507 | D:5      | Reached **** piety under Lugonu
  5507 | D:5      | Reached skill level 5 in Fighting
  6086 | D:6      | Reached skill level 6 in Long Blades
  6131 | D:6      | Reached XP level 8. HP: 17/63 MP: 10/10
  6528 | D:6      | Found a radiant altar of Vehumet.
  6799 | D:6      | Found a sacrificial altar of Ru.
  7072 | D:6      | Noticed Grinder
  7089 | D:6      | Paralysed by Grinder for 2 turns
  7093 | D:6      | Paralysed by Grinder for 6 turns
  7100 | D:6      | Killed Grinder
  7100 | D:6      | Reached skill level 7 in Long Blades
  7100 | D:6      | Reached skill level 5 in Armour
  7715 | D:7      | Noticed Joseph
  7738 | D:7      | Killed Joseph
  7738 | D:7      | Gained mutation: You have hoof-like feet. [demonic
                  | ancestry]
  7738 | D:7      | Reached XP level 9. HP: 61/70 MP: 11/11
  7833 | D:7      | Found a shimmering blue altar of Sif Muna.
  7899 | D:7      | Reached skill level 8 in Long Blades
  8310 | D:8      | Noticed a troll
  8329 | D:8      | Killed a troll
  8914 | D:8      | Noticed a two-headed ogre
  8944 | D:8      | Reached skill level 9 in Long Blades
  8949 | D:8      | Killed a two-headed ogre
  8949 | D:8      | Gained mutation: You are partially covered in large bone
                  | plates. (SH +4) [demonic ancestry]
  8949 | D:8      | Reached XP level 10. HP: 26/79 MP: 12/12
  9491 | D:8      | Reached ***** piety under Lugonu
  9862 | D:8      | Slain by a slime creature

Levels and vault maps discovered:
D:1:      dpeg_arrival_rooms_with_view, layout_basic
D:2:      layout_loops_ring, chequers_temple_overflow_statue_of_worship,
          chequers_serial_rivers_micro_d, minmay_between
D:3:      minmay_angry_zag, layout_loops_ring, nicolae_overflow_crystal_walls,
          first_ration
D:4:      layout_cave_pods, gup_sewer_entry_spiral, grunt_ministairs_10,
          uniq_menkaure
D:5:      layout_basic, minmay_temple_entry_from_below_a,
          nicolae_tso_besieged_by_evil
D:6:      layout_rooms, kennysheep_mini_moat, overflow_temple_1_default,
          grunt_ministairs_14, palyth_stone_intersect, uniq_grinder
D:7:      layout_loops_cross, lemuel_doored_altar, the_bakery, uniq_joseph
D:8:      layout_cave_pods, corexii_leaking_fountain

Skill      XL: |  1  2  3  4  5  6  7  8  9 |
---------------+----------------------------+-----
Invocations    | 3 |  3.0
Long Blades    | 2 3 4 5 6 7 9 |  9.7
Armour         | 2 3 4 6 7 |  7.5
Fighting       | 4 5 6 7 |  7.5
Dodging        | |  0.8

Action                   |  1- 3 |  4- 6 |  7- 9 | 10-12 || total
-------------------------+-------+-------+-------+-------++-------
Melee: Falchion          |    93 |   238 |   370 |   119 ||   820
       Kick              |    10 |    60 |    52 |       ||   122
Invok: Depart the Abyss  |     1 |       |       |       ||     1
  Use: Potion            |     4 |     1 |     5 |     1 ||    11
       Scroll            |     3 |     3 |     9 |     5 ||    20
 Stab: Sleeping          |     3 |       |       |       ||     3
       Distracted        |       |       |     2 |       ||     2
  Eat: Chunk             |     3 |     5 |     5 |     3 ||    16
       Ration            |       |     2 |     2 |       ||     4
Armor: Leather armour    |    17 |       |       |       ||    17
       Ring mail         |    11 |       |       |       ||    11
       Plate armour      |     2 |   186 |   268 |    45 ||   501
Dodge: Dodged            |    68 |    59 |   124 |    26 ||   277
Block: Other             |       |       |    43 |    53 ||    96
       Reflection        |       |       |     1 |       ||     1
       Rpst.: Falchion   |    19 |    18 |    43 |     5 ||    85
